 Dungeon Crawl Stone Soup version 0.31-a0-196-g86fe4a5e66 (webtiles) character file.

Game seed: 5343425445792046469

396 nono the Covered (level 6, -3/55 HPs)
             Began as an Armataur Fighter on June 24, 2023.
             Slain by an iron imp (4 damage)
             ... summoned by Eustachio
             ... on level 4 of the Dungeon.
             The game lasted 00:08:22 (3186 turns).

nono the Covered (Armataur Fighter)                 Turns: 3186, Time: 00:08:23

Health: -3/55      AC:  9    Str: 23    XL:     6   Next: 52%
Magic:  6/6        EV:  7    Int:  9    God:
Gold:   202        SH:  4    Dex:  9    Spells: 5/5 levels left

rFire   . . .        s - +7 dagger of the Writhing Penguin {pain, rCorr}
rCold   + . .        c - +0 buckler
rNeg    . . .        n - +1 scale mail {rC+}
rPois   .            t - +0 helmet
rElec   .            (no cloak)
rCorr   +            (no gloves)
SInv    .            (no barding)
Will    .....        (no amulet) Stlth
                     (no ring)
HPRegen 0.29/turn    (no ring)
MPRegen 0.10/turn

%: roll
@: studying Ranged Weapons
A: large, rugged brown scales 3, deformed body, armoured tail, roll, long
tongue, awkward tongue
a: no special abilities


You were on level 4 of the Dungeon.
You visited 1 branch of the dungeon, and saw 4 of its levels.

You collected 202 gold pieces.

Inventory:

Hand Weapons
 a - a +0 flail
 d - a +3 dire flail
 s - the +7 dagger of the Writhing Penguin (weapon) {pain, rCorr}
   (You found it on level 4 of the Dungeon)

   rCorr:     It protects you from acid and corrosion.
Armour
 b - a +0 scale mail
 c - a +0 buckler (worn)
 n - a +1 scale mail of cold resistance (worn)
 t - a +0 helmet (worn)
Jewellery
 r - a ring of see invisible
Wands
 m - a wand of flame (5)
Scrolls
 e - a scroll of enchant armour {unknown}
 g - a scroll of identify
 h - 2 scrolls of brand weapon {unknown}
 j - 2 scrolls of teleportation {unknown}
 k - a scroll of fog {unknown}
 p - a scroll of fear {unknown}
 u - a scroll of torment {unknown}
 v - a scroll of acquirement {unknown}
Potions
 i - a potion of brilliance
 o - a potion of degeneration


   Skills:
 + Level 4.0 Fighting
 + Level 3.4 Maces & Flails
 + Level 5.4 Armour
 + Level 5.0 Shields


You had 5 spell levels left.
You didn't know any spells.
Your spell library was empty.

Dungeon Overview and Level Annotations

Branches:
Dungeon (4/15)
 Temple: D:4-7

Altars:
Ashenzari
Makhleb

Shops:
D:1 (

Annotations:
D:4 Eustachio


Innate Abilities, Weirdness & Mutations

You are completely covered in rugged brown scales. (AC +3, +7% HP)
Armour fits poorly on your strangely shaped body.
You have a long armoured tail.
You roll when moving toward enemies. (Rampage)
Your long tongue fully drains potion bottles. (2x potion effects)
Your tongue gives you trouble enunciating. (1.5x scroll delay)


Message History

Press: ? - help, Shift-Dir - straight line, f/p - Eustachio
Aim: Eustachio, wielding a +0 rapier and wearing a +2 leather armour of positive energy (lightly wounded, 56% to hit)
The puff of flame hits the ufetubus.
The ufetubus is burned terribly!
The ufetubus is almost dead.
The ufetubus is engulfed in poison gas.
The ufetubus is poisoned.
You kill the ufetubus!
The ufetubus disappears in a puff of smoke!
Aiming: Throw Flame
Press: ? - help, Shift-Dir - straight line, f/p - Eustachio
Aim: Eustachio, wielding a +0 rapier and wearing a +2 leather armour of positive energy (lightly wounded, 56% to hit)
The puff of flame hits Eustachio.
Eustachio is moderately wounded.
Eustachio gestures wildly while chanting.
Eustachio blinks!
You start resting.
An iron imp comes into view.
Aiming: Throw Flame
Press: ? - help, Shift-Dir - straight line, f - you That beam is likely to hit you.
Continue anyway?
Okay, then.
Unknown command.
Unknown command.
An iron imp is nearby!
An iron imp is nearby!
Eustachio gestures wildly while chanting.
You barely miss the iron imp. You hit the iron imp but do no damage.
The iron imp hits you.
* * * LOW HITPOINT WARNING * * *
You hit the iron imp.
The iron imp is moderately wounded.
The iron imp hits you!
* * * LOW HITPOINT WARNING * * *
Okay, then.
Okay, then.
Okay, then.
Sorry, you're not good enough to have a special ability.
You hit the iron imp. You tail-slap the iron imp.
The iron imp is severely wounded.
The iron imp hits you.
You die...

#. #### #
#.....#.#.. #.
###...#...#
##.##.#.# #....#..
#b##.#.# #r##...#
#.##.#.#
###########.#.b#..
#@5@b....ยง..##@#.#
##############o..#
##.#@. #..##.
##.... ##.## ###


You could see Eustachio, an iron imp (summoned) and a bat (summoned).

Vanquished Creatures
  An ogre (D:4)
  A kobold brigand (D:3)
  A wight (D:4)
  An orc priest (D:4)
  Terence (D:2)
  An orc wizard (D:4)
  3 adders
  A gnoll (D:1)
  3 dart slugs (D:4)
  4 orcs (D:4)
  3 bats
  10 endoplasms
  2 giant cockroaches
  6 goblins
  6 hobgoblins
  5 kobolds
  5 quokkas
  9 ball pythons
  4 frilled lizards
  6 rats
73 creatures vanquished.

Notes
Turn   | Place    | Note
-------+----------+-------------------------------------------
     0 | D:1      | nono the Armataur Fighter began the quest for the Orb.
     0 | D:1      | Reached XP level 1. HP: 19/19 MP: 1/1
   264 | D:1      | Reached XP level 2. HP: 26/26 MP: 2/2
   477 | D:1      | Found Nuavag's Weapon Boutique.
   485 | D:1      | Reached XP level 3. HP: 29/33 MP: 3/3
   928 | D:2      | Noticed Terence
   939 | D:2      | Killed Terence
   940 | D:2      | Reached XP level 4. HP: 10/40 MP: 4/4
  1511 | D:3      | Found a faded altar of an unknown god.
  1640 | D:3      | Found a broken altar of Ashenzari.
  2156 | D:3      | Found a burning altar of Makhleb.
  2320 | D:4      | Noticed an ogre
  2402 | D:4      | Noticed a kobold brigand
  2527 | D:3      | Killed a kobold brigand
  2528 | D:3      | Reached XP level 5. HP: 22/48 MP: 5/5
  2649 | D:4      | Reached skill level 5 in Armour
  2770 | D:4      | Identified the +7 dagger of the Writhing Penguin {pain,
                  | rCorr}
  2855 | D:4      | Killed an ogre
  2856 | D:4      | Reached XP level 6. HP: 24/55 MP: 6/6
  3063 | D:4      | Noticed Eustachio
  3146 | D:4      | Reached skill level 5 in Shields
  3185 | D:4      | HP: 1/55 [iron imp[Eustachio] (8)]
  3186 | D:4      | Slain by an iron imp

Illustrated notes

Levels and vault maps discovered:
D:1:      dpeg_arrival_chambers_temple_mockup, layout_basic, serial_shops,
          nicolae_shop_just_a_little_nook, chequers_serial_rivers_room_b
D:2:      layout_loops_ring, uniq_terence
D:3:      layout_basic, mainiacjoe_overflow_alcove_4, general_overflow_altar,
          chequers_ecumenical_altar_twisty, dreamdust_mushroom_princess
D:4:      layout_loops_ring, nicolae_concentric_dashed_squares_mild,
          minmay_misc_feat_alley, minmay_manual_monstrance, uniq_eustachio

Skill      XL: |  1  2  3  4  5  6 |
---------------+-------------------+-----
Maces & Flails | 2 3 |  3.4
Fighting       | 3 4 |  4.0
Armour         | 4 5 |  5.4
Shields        | 4 5 |  5.0

Action                     |  1- 3 |  4- 6 || total
---------------------------+-------+-------++-------
  Melee: Flail             |    84 |   114 ||   198
         Tailslap          |    10 |    17 ||    27
         Dagger            |       |    63 ||    63
         Dire flail        |       |     1 ||     1
  Evoke: Wand              |       |     7 ||     7
    Use: Potion            |     1 |     7 ||     8
         Scroll            |       |     4 ||     4
   Stab: Invisible         |       |     1 ||     1
 Armour: Scale mail        |    52 |   135 ||   187
  Dodge: Dodged            |    35 |    84 ||   119
  Block: Buckler           |    17 |    61 ||    78

Table legend: (Time is in decaauts)
 A = Elapsed time spent in this place.
 B = Non-inter-level travel time spent in this place.
 C = Inter-level travel time spent in this place.
 D = Time resting spent in this place.
 E = Time spent auto-exploring this place.
 F = Levels seen in this place.
 G = Mean time per level.
                   A        B        C        D        E       F      G
               +--------+--------+--------+--------+--------+-----+--------+
         Total |   3252 |   3155 |     97 |    185 |   2219 |   4 |  813.0 |
       Dungeon |   3252 |   3155 |     97 |    185 |   2219 |   4 |  813.0 |
               +--------+--------+--------+--------+--------+-----+--------+

Top non-repeatable levels by time:
     D:3: 1219 daAuts
     D:2: 758 daAuts
     D:1: 638 daAuts
     D:4: 637 daAuts
